 Dungeon Crawl Stone Soup version 0.30-a0-462-gd5975efbca (webtiles) character file.

Game seed: 10290259814157308106

2877 IdlyInterested the Fighter (level 9, -1/81 HPs)
             Began as a Demonspawn Wanderer on Dec 16, 2022.
             Slain by an orc warlord
             ... wielding a +4 executioner's axe
              (18 damage)
             ... in a bailey.
             The game lasted 00:21:38 (5185 turns).

IdlyInterested the Fighter (Demonspawn Wanderer)    Turns: 5185, Time: 00:21:40

Health: -1/81      AC: 21    Str: 24    XL:     9   Next: 48%
Magic:  12/12      EV:  7    Int: 10    God:
Gold:   401        SH:  0    Dex: 15    Spells: 8/8 levels left

rFire   + . .      SeeInvis .    j - +0 broad axe
rCold   . . .      Faith    .    (no shield)
rNeg    . . .      Spirit   .    w - +1 plate armour
rPois   .          Reflect  .    y - +0 helmet
rElec   .          Harm     .    o - +0 cloak
rCorr   .          Rampage  .    N - +0 pair of gloves
Will    .....                    k - +0 pair of boots
Stlth   ..........               (no amulet)
HPRegen 0.33/turn                h - +4 ring of slaying
MPRegen 0.13/turn                q - +6 ring of strength

@: no status effects
A: molten scales 3, demonic touch 1
a: no special abilities


You were in a bailey.
You visited 2 branches of the dungeon, and saw 8 of its levels.
You also visited: Bailey.

You collected 401 gold pieces.

Inventory:

Hand Weapons
 f - a +0 war axe
 j - a +0 broad axe (weapon)
 s - a +0 war axe
 z - a +0 rapier
 B - a +0 war axe
 I - a +3 dire flail of protection
 K - a +1 falchion of electrocution
 L - a +0 war axe of freezing
 O - a +0 dagger of venom
 P - a +0 war axe
 R - a +0 war axe
Missiles
 b - 21 poisoned darts
 g - 62 stones (quivered)
 C - 13 boomerangs
Armour
 d - a +0 leather armour
 e - a +0 ring mail
 k - a +0 pair of boots (worn)
 o - a +0 cloak (worn)
 r - a +1 robe of willpower
 w - a +1 plate armour (worn)
 y - a +0 helmet (worn)
 M - the +1 leather armour of the True Pharaoh {rN+ Str+3}
   (You found it on level 6 of the Dungeon)

   Str:       It affects your strength (+3).
   rN:        It protects you from negative energy.
 N - a +0 pair of gloves (worn)
 Q - a +3 leather armour
Jewellery
 h - a +4 ring of slaying (left hand)
 q - a +6 ring of strength (right hand)
 E - a ring of magical power
Wands
 D - a wand of iceblast (11)
 F - a wand of light (4)
Scrolls
 p - 2 scrolls of silence
 t - 3 scrolls of fog
 H - 2 scrolls of teleportation
 J - a scroll of poison
Potions
 c - 4 potions of lignification
 l - 2 potions of attraction
 n - 4 potions of curing
 v - a potion of cancellation
 x - a potion of flight
 A - 2 potions of heal wounds


   Skills:
 * Level 11.6 Fighting
 - Level 3.0 Staves
 - Level 1.0 Ranged Weapons
 - Level 1.0 Throwing
 - Level 4.0 Armour
 - Level 1.0 Dodging
 - Level 1.0 Stealth
 * Level 2.5 Unarmed Combat
 - Level 4.0 Invocations
 - Level 1.0 Evocations


You had 8 spell levels left.
You didn't know any spells.
Your spell library contained the following spells:

 Spells                   Type           Power      Damage    Failure   Level
 Ozocubu's Armour         Ice            0%         N/A       100%        3
 Ozocubu's Refrigeration  Ice            0%         4d7       100%        7


Dungeon Overview and Level Annotations

Branches:
Dungeon (7/15)             Temple (1/1) D:4          Bailey (1/1)

Altars:
Ashenzari
Cheibriados
Dithmenos
Fedhas
Gozag
Hepliaklqana
Kikubaaqudgha
Makhleb
Nemelex Xobeh
Okawaru
Qazlal
Ru
Sif Muna
Trog
Uskayaw
Vehumet
Wu Jian
Xom
Yredelemnul


Innate Abilities, Weirdness & Mutations

You are completely covered in molten scales. (AC +4, rF+)
Your touch may inflict minor irresistible damage on your foes.


Message History

Press: ? - help, Shift-Dir - straight line, f/p - orc warlord
Aim: an orc warlord, wielding a +4 executioner's axe and wearing a +0 plate armour (lightly wounded, 77% to hit)
You throw a poisoned dart.
The poisoned dart barely misses the orc warlord.
Throw: 23 darts (poison)
Press: ? - help, Shift-Dir - straight line, f/p - orc warlord
Aim: an orc warlord, wielding a +4 executioner's axe and wearing a +0 plate armour (lightly wounded, 77% to hit)
You throw a poisoned dart. The poisoned dart hits the orc warlord.
The orc warlord is lightly wounded.
Okay, then.
Okay, then.
Throw: 22 darts (poison)
Press: ? - help, Shift-Dir - straight line, f/p - orc warlord
Aim: an orc warlord, wielding a +4 executioner's axe and wearing a +0 plate armour (lightly wounded, 77% to hit)
You throw a poisoned dart. The poisoned dart hits the orc warlord.
The orc warlord is poisoned.
The orc warlord is lightly wounded.
Aiming: Bolt of Light
Press: ? - help, Shift-Dir - straight line, f/p - orc warlord
Aim: an orc warlord, wielding a +4 executioner's axe and wearing a +0 plate armour (lightly wounded, poisoned, 83% to hit)
The bolt of light hits the orc warlord.
The orc warlord is lightly wounded.
The orc warlord is blinded.
The orc warlord hits you but does no damage.
You hit the orc warlord.
The orc warlord is lightly wounded.
The orc warlord hits you with a +4 executioner's axe.
The orc warlord hits you with a +4 executioner's axe!!
You hit the orc warlord.
The orc warlord is lightly wounded.
The orc warlord hits you with a +4 executioner's axe!
* * * LOW HITPOINT WARNING * * *
You hit the orc warlord but do no damage.
You touch the orc warlord.
The orc warlord is lightly wounded.
The orc warlord looks more healthy.
The orc warlord hits you with a +4 executioner's axe.
* * * LOW HITPOINT WARNING * * *
The orc warlord hits you with a +4 executioner's axe!!
You die...

........##
...⌠.....#######
........##.....##
..(.....((......#
.......##.......##
.......#.(.......#
#88.88##..(......##
###'###...o.⌠.....#
#g. ##..@......##
.o. #.........# .g
##...))..##
#.......# ##...).##
#### ####)## ...##
##...).## ....#
#.......# ....##
##.......##


You could see an orc warlord (blind).

Vanquished Creatures
  An orc knight (Bailey)
  A hornet (D:7)
  Sigmund (D:3)
  A shadow (D:7)
  Edmund (D:4)
  Duvessa (D:4)
  7 orc warriors (Bailey)
  An ice beast (D:3)
  A phantom (D:5)
  2 kobold brigands (D:7)
  A necrophage (D:5)
  2 scorpions
  Dowan (D:4)
  A howler monkey (D:7)
  A gnoll bouda (D:5)
  Jessica (D:2)
  5 iguanas
  An orc wizard (D:5)
  5 adders
  10 gnolls
  2 white imps
  A worm (D:2)
  A dart slug (D:3)
  13 orcs
  2 ball pythons
  2 bats
  6 endoplasms
  5 giant cockroaches
  16 goblins
  11 hobgoblins
  6 jackals (D:1)
  9 quokkas
  2 frilled lizards
  16 kobolds
  4 rats
  4 toadstools (D:1)
145 creatures vanquished.

Vanquished Creatures (others)
  16 plants (D:5)
16 creatures vanquished.

Grand Total: 161 creatures vanquished

Notes
Turn   | Place    | Note
-------+----------+-------------------------------------------
     0 | D:1      | IdlyInterested the Demonspawn Wanderer began the quest for
                  | the Orb.
     0 | D:1      | IdlyInterested set off with the following items: a +3
                  | quarterstaff, a +0 sling, a potion of lignification, a +0
                  | leather armour.
     0 | D:1      | Reached XP level 1. HP: 16/16 MP: 1/1
   198 | D:1      | Gained mutation: You are partially covered in molten
                  | scales. (AC +2) [demonic ancestry]
   198 | D:1      | Reached XP level 2. HP: 23/23 MP: 2/2
   340 | D:1      | Reached skill level 3 in Fighting
   340 | D:1      | Gained mutation: You are mostly covered in molten scales.
                  | (AC +3) [demonic ancestry]
   340 | D:1      | Reached XP level 3. HP: 19/29 MP: 4/4
   742 | D:2      | Noticed Jessica
   749 | D:2      | Killed Jessica
   750 | D:2      | Gained mutation: You are completely covered in molten
                  | scales. (AC +4, rF+) [demonic ancestry]
   750 | D:2      | Reached XP level 4. HP: 34/36 MP: 5/5
   810 | D:2      | Found an ancient bone altar of Kikubaaqudgha.
  1275 | D:3      | Found a faded altar of an unknown god.
  1303 | D:3      | Reached skill level 1 in Throwing
  1315 | D:3      | Noticed Sigmund
  1332 | D:3      | Killed Sigmund
  1333 | D:3      | Reached skill level 5 in Fighting
  1333 | D:3      | Reached skill level 1 in Dodging
  1333 | D:3      | Reached XP level 5. HP: 38/44 MP: 6/6
  1501 | D:3      | Noticed an ice beast
  1512 | D:3      | Killed an ice beast
  1513 | D:3      | Reached skill level 1 in Evocations
  1513 | D:3      | Gained mutation: Your touch may inflict minor irresistible
                  | damage on your foes. [demonic ancestry]
  1513 | D:3      | Reached XP level 6. HP: 42/52 MP: 7/7
  2043 | D:4      | Noticed Dowan
  2044 | D:4      | Noticed Duvessa
  2047 | D:4      | Found an opulent altar of Gozag.
  2053 | D:4      | Reached skill level 6 in Fighting
  2064 | D:4      | Found a basalt altar of Yredelemnul.
  2068 | D:4      | Found a burning altar of Makhleb.
  2186 | D:4      | Killed Dowan
  2187 | D:4      | Reached skill level 1 in Unarmed Combat
  2241 | D:4      | Noticed Edmund
  2250 | D:4      | Killed Edmund
  2251 | D:4      | Reached XP level 7. HP: 48/59 MP: 8/8
  2278 | D:4      | Killed Duvessa
  2279 | D:4      | Reached skill level 7 in Fighting
  2613 | D:4      | Found a staircase to the Ecumenical Temple.
  2619 | Temple   | Entered the Ecumenical Temple
  2619 | Temple   | Found a transporter.
  2619 | Temple   | Found a transporter.
  2621 | Temple   | Found a transporter.
  2621 | Temple   | Found a transporter.
  2827 | D:5      | Entered Level 5 of the Dungeon
  3206 | D:5      | Reached skill level 8 in Fighting
  3285 | D:5      | Reached XP level 8. HP: 68/68 MP: 9/9
  4146 | D:6      | Identified the +1 leather armour of the True Pharaoh {rN+
                  | Str+3}
  4403 | D:7      | Noticed a hornet
  4417 | D:7      | Paralysed by a hornet for 3 turns
  4424 | D:7      | Killed a hornet
  4436 | D:7      | Reached skill level 9 in Fighting
  4635 | D:7      | Found a flagged portal.
  4681 | Bailey   | Entered a bailey
  4736 | Bailey   | Reached skill level 10 in Fighting
  4877 | Bailey   | Reached XP level 9. HP: 70/78 MP: 11/11
  4930 | Bailey   | Noticed an orc knight
  4966 | Bailey   | Killed an orc knight
  4967 | Bailey   | Reached skill level 11 in Fighting
  5171 | Bailey   | Noticed an orc warlord
  5185 | Bailey   | Slain by an orc warlord

Illustrated notes

Levels and vault maps discovered:
D:1:      ldierk_water_garden, layout_rooms, minmay_split_cup_small
D:2:      layout_rooms, basic_altar, st_stairs_7, reono_crystal_passage,
          kennysheep_jessica_study
D:3:      layout_basic, dreamdust_ecumenical_altar_statues, uniq_sigmund
D:4:      layout_cave_pools, gammafunk_temple_overflow_forgotten,
          minmay_temple_entry_fiery, uniq_duvessa, uniq_edmund
D:5:      layout_loops_ring, hex_large, serial_bayou_lagoon_b
D:6:      layout_rooms, chequers_serial_rivers_large_b, corexii_checkpoint_b
D:7:      layout_rooms, enter_bailey_5
Temple:   hellmonk_temple_divided_pantheon
Bailey:   bailey_axe_minmay_hex_keep, bailey

Skill      XL: |  1  2  3  4  5  6  7  8  9 |
---------------+----------------------------+-----
Staves         | 3 |  3.0
Invocations    | 2 3 4 |  4.0
Fighting       | 3 5 6 8 10 11 | 11.6
Armour         | 2 3 4 |  4.0
Throwing       | 1 |  1.0
Dodging        | 1 |  1.0
Evocations     | 1 |  1.0
Unarmed Combat | 1 2 |  2.5
Ranged Weapons | |  1.0
Stealth        | |  1.0

Action                   |  1- 3 |  4- 6 |  7- 9 || total
-------------------------+-------+-------+-------++-------
Melee: Quarterstaff      |    64 |    75 |       ||   139
       Dire flail        |       |       |   244 ||   244
       Broad axe         |       |       |    15 ||    15
       Touch             |       |       |     6 ||     6
Throw: Stone             |       |     3 |    12 ||    15
       Dart              |       |     1 |     9 ||    10
Evoke: Wand              |       |       |     1 ||     1
  Use: Scroll            |     3 |     8 |     5 ||    16
       Potion            |       |       |     6 ||     6
Armor: Ring mail         |    35 |     3 |       ||    38
       Plate armour      |       |    36 |   235 ||   271
Dodge: Dodged            |    40 |    14 |    73 ||   127

Table legend: (Time is in decaauts)
 A = Elapsed time spent in this place.
 B = Non-inter-level travel time spent in this place.
 C = Inter-level travel time spent in this place.
 D = Time resting spent in this place.
 E = Time spent auto-exploring this place.
 F = Levels seen in this place.
 G = Mean time per level.
                   A        B        C        D        E       F      G
               +--------+--------+--------+--------+--------+-----+--------+
         Total |   5319 |   4699 |    620 |    523 |   2460 |   9 |  591.0 |
       Dungeon |   4762 |   4142 |    620 |    265 |   2459 |   7 |  680.3 |
        Temple |     41 |     41 |      0 |      0 |      1 |   1 |   41.0 |
        Bailey |    515 |    515 |      0 |    258 |      0 |   1 |  515.0 |
               +--------+--------+--------+--------+--------+-----+--------+

Top non-repeatable levels by time:
     D:5: 1048 daAuts
     D:4: 846 daAuts
     D:3: 763 daAuts
     D:2: 663 daAuts
     D:1: 618 daAuts
  Bailey: 515 daAuts
     D:6: 511 daAuts
     D:7: 309 daAuts
  Temple: 41 daAuts
